AoeStats
← Kapitan Klak

Oasis

509847415Analyzed
4v4 RM · 4d ago on Sep 28, 2026· 17m 54s· 8 players
Game mode
Random Map
Map size
Large (8 player)
Population
200
Speed
Normal
Resources
Standard
Victory
Conquest
Starting age
Dark Age
Ending age
Imperial Age
RankedLock teamsTeams togetherTeam positionsShared explorationLock speedFull tech treeHidden civsTurbo modeCheats
Victory
Defeat
🇹🇼 Persians · Taiwan
913
+16
🇹🇼 Jurchens · Taiwan
884
+17
🇨🇿 Bohemians · Czechia
794
+21
🇨🇳 Celts · China
749
+22
🇦🇺 Khmer · Australia
957
-21
🇺🇸 Franks · United States
934
-20
🇪🇸 Byzantines · Spain
920
-20
🇲🇽 Varangians · Mexico
803
-15
Kapitan Klak
5:07 Loom
12:15 Feudal Age
12:49 Double-Bit Axe
h1590
9:43 Feudal Age
12:14 Loom
15:17 Castle Age
16:37 Double-Bit Axe
西岸大法咒
12:47 Feudal Age
17:06 Castle Age
16:46 Double-Bit Axe
Nick76Luo
11:33 Feudal Age
12:41 Double-Bit Axe
12:47 Horse Collar
15:29 Castle Age
17:04 Bow Saw
17:31 Heavy Plow
ostiinn
0:31 Loom
14:23 Feudal Age
18:51 Castle Age
16:56 Gold Mining
16:55 Double-Bit Axe
17:30 Horse Collar
Double0D0
12:22 Feudal Age
13:38 Double-Bit Axe
16:21 Castle Age
17:26 Loom
ramizeta
5:28 Loom
13:26 Feudal Age
15:04 Double-Bit Axe
Smash
0:32 Loom
10:30 Feudal Age
15:52 Castle Age
16:34 Horse Collar
16:41 Double-Bit Axe
18:19 Bow Saw
18:10 Heavy Plow
Connection lost

Rejoining the realm…

Still unreachable

The connection could not be restored.

Session expired

The server has moved on; the page needs a fresh start.